 Dungeon Crawl Stone Soup version 0.29.1-13-g9f3cf754e1 (webtiles) character file.

Game seed: 17830801490442967077

16213 GeoRichter the Grappler (level 12, -5/123 HPs)
             Began as a Troll Monk on Jan 30, 2023.
             Was a High Priest of Ru.
             Slain by a white very ugly thing (40 damage)
             ... on level 14 of the Dungeon.
             The game lasted 00:19:08 (11131 turns).

GeoRichter the Grappler (Troll Monk)               Turns: 11131, Time: 00:19:09

Health: -5/123     AC: 12    Str: 32    XL:     12   Next: 8%
Magic:  11/11      EV: 13    Int:  8    God:    Ru [*****.]
Gold:   774        SH:  0    Dex: 12    Spells: 11/11 levels left

rFire   + . .      SeeInvis .     - Unarmed
rCold   . . .      Faith    +   (no shield)
rNeg    . . .      Spirit   .   j - +0 swamp dragon scales
rPois   +          Reflect  .   (helmet restricted)
rElec   +          Harm     .   l - +0 cloak {Will+}
rCorr   .          Rampage  .   (gloves unavailable)
Will    +....                   (boots unavailable)
Stlth   +.........              C - amulet of Taaschu {Faith rElec rF+ Int+2}
HPRegen 1.10/turn               G - +6 ring of strength
MPRegen 0.12/turn               M - +4 ring of evasion

@: hasted, unable to drink, very quick
A: large, unfitting armour, claws 3, regeneration 1, shaggy fur 1, tough skin 1,
inability to drink after injury 2, inability to use devices, no fire magic, no
translocations magic, no transmutations magic, missing an eye
a: Renounce Religion, Draw Out Power, Power Leap, Apocalypse


You were on level 14 of the Dungeon.
You worshipped Ru.
Ru was extremely pleased with you.
You visited 2 branches of the dungeon, and saw 15 of its levels.
You also visited: Sewer.

You collected 774 gold pieces.

Inventory:

Hand Weapons
 n - the +8 long sword of Watchfulness {vorpal, rCorr}
   (You found it on level 7 of the Dungeon)

   It inflicts extra damage upon your enemies.
   rCorr:     It protects you from acid and corrosion.
 B - the +10 flail of the Tundras {holy, Int+4}
   (You found it in a sewer)

   It has been blessed by the Shining One to cause great damage to the undead
   and demons.
   Int:       It affects your intelligence (+4).
Missiles
 o - 28 poisoned darts (quivered)
 E - 5 throwing nets {!f}
Armour
 j - +0 swamp dragon scales (worn)
   (You took it off Maggie on level 6 of the Dungeon)
 l - a +0 cloak of willpower (worn)
   (You took it off Crazy Yiuf on level 2 of the Dungeon)
Jewellery
 z - an amulet of the acrobat
   (You found it on level 5 of the Dungeon)
 A - the ring "Kebid" {rElec rCorr Str+6 Int-4}
   (You found it on level 7 of the Dungeon)

   [ring of strength]

   Str:       It affects your strength (+6).
   Int:       It affects your intelligence (-4).
   rElec:     It insulates you from electricity.
   rCorr:     It protects you from acid and corrosion.
 C - the amulet of Taaschu (around neck) {Faith rElec rF+ Int+2}
   (You found it on level 7 of the Dungeon)

   [amulet of faith]

   It allows you to gain divine favour quickly.
   Int:       It affects your intelligence (+2).
   rF:        It protects you from fire.
   rElec:     It insulates you from electricity.
 G - a +6 ring of strength (left claw)
   (You found it on level 9 of the Dungeon)
 M - a +4 ring of evasion (right claw)
   (You found it on level 10 of the Dungeon)
Scrolls
 a - 3 scrolls of fear
 d - a scroll of noise {!r}
 i - a scroll of fog
 p - 8 scrolls of teleportation {@r4}
 q - 2 scrolls of enchant weapon
 s - a scroll of summoning {unknown}
 t - 2 scrolls of enchant armour
 v - 2 scrolls of immolation {!r}
 x - a scroll of silence {unknown}
 y - a scroll of poison {unknown}
 H - 3 scrolls of amnesia {unknown}
 J - a scroll of brand weapon {unknown}
 L - 2 scrolls of identify {@r1}
 N - a scroll of blinking {unknown}
Potions
 b - 2 potions of ambrosia
 c - 3 potions of might
 e - a potion of cancellation
 f - 2 potions of haste {@q3}
 g - 5 potions of flight
 r - 2 potions of brilliance
 u - 6 potions of curing {@q1}
 D - a potion of lignification {unknown}
 I - a potion of attraction {unknown}


   Skills:
 * Level 9.2 Fighting
 - Level 6.1 Throwing
 + Level 6.1 Armour
 - Level 2.4 Dodging
 - Level 1.0 Stealth
 * Level 13.6 Unarmed Combat


You had 11 spell levels left.
You didn't know any spells.
Your spell library contained the following spells:

 Spells                   Type           Power      Damage    Failure   Level
 Magic Dart               Conj           0%         1d3       52%         1
 Slow                     Hex            0%         N/A       52%         1
 Call Imp                 Summ           0%         N/A       65%         2
 Sublimation of Blood     Necr           0%         N/A       65%         2
 Confusing Touch          Hex            0%         N/A       87%         3
 Mephitic Cloud           Conj/Pois/Air  0%         N/A       87%         3
 Tukima's Dance           Hex            0%         N/A       87%         3
 Vampiric Draining        Necr           0%         2d6       87%         3
 Portal Projectile        Hex/Tloc       Unusable   N/A       N/A         3
 Petrify                  Tmut/Erth      Unusable   N/A       N/A         4
 Blade Hands              Tmut           Unusable   N/A       N/A         5
 Irradiate                Conj/Tmut      Unusable   3d11      N/A         5
 Dispersal                Tloc           Unusable   N/A       N/A         6
 Disjunction              Tloc           Unusable   N/A       N/A         8

Dungeon Overview and Level Annotations

Branches:
Dungeon (15/15) Zot: 26918  Temple (1/1) D:5 Zot: 5668    Lair (0/5) D:11
    Orc (0/2) D:11          Sewer (visited)
 Vaults: D:13-14     Depths: D:15

Altars:
Ashenzari
Cheibriados
Dithmenos
Elyvilon
Fedhas
Gozag
Hepliaklqana
Kikubaaqudgha
Makhleb
Nemelex Xobeh
Okawaru
Qazlal
Ru
Sif Muna
Trog
Uskayaw
Vehumet
Wu Jian
Xom
Yredelemnul
Zin
The Shining One

Shops:
D:10 :

Portals:
Trove: D:10 (give +4 demon trident)

Annotations:
D:8 1 transporter
D:14 Nessos


Innate Abilities, Weirdness & Mutations

You are too large for most types of armour.
You have claws for hands.
Your natural rate of healing is unusually fast.
You are covered in fur. (AC +1)
You have tough skin. (AC +1)
You sometimes lose the ability to drink potions when taking damage.
You cannot study or use magical devices.
You cannot study or cast Fire magic.
You cannot study or cast Translocations magic.
You cannot study or cast Transmutations magic.
You are missing an eye, making it more difficult to aim.


Message History

Okay, then.
Found 23 gold pieces.
A white ugly thing comes into view.
You hear the faint crackling of a melting archway very nearby.
The white ugly thing gurgles horribly!
You hear a horrible gurgling sound! x2
Nessos the Markscentaur comes into view.
They are wearing a +2 barding of cold resistance.
You open the door.
A purple ugly thing comes into view.
There is an open door here.
The white ugly thing claws you but does no damage.
You barely miss the white ugly thing. The white ugly thing barely misses you.
You miss the white ugly thing. The white ugly thing claws you!
The white ugly thing freezes you!!
You scratch the white ugly thing. The white ugly thing barely misses you.
You barely miss the white ugly thing. You scratch the white ugly thing.
You claw the white ugly thing.
The white ugly thing is stunned by your conviction and fails to attack.
You claw the white ugly thing!
The white ugly thing claws you but does no damage.
You closely miss the white ugly thing.
The white ugly thing claws you but does no damage.
You claw the white ugly thing! You mangle the white ugly thing!!
You kill the white ugly thing!
There is an open door, spattered with blood here.
You see here an ugly thing corpse.
A white very ugly thing comes into view.
A purple ugly thing comes into view.
The white very ugly thing gurgles horribly!
The purple ugly thing gurgles horribly!
You hear a horrible gurgling sound! x3
A white ugly thing comes into view.
The white ugly thing gurgles horribly!
There is an open door, spattered with blood here.
You see here an ugly thing corpse.
You cannot evoke magical items.
Unknown command.
You feel yourself speed up.
You scratch the white very ugly thing.
You closely miss the white very ugly thing.
The white very ugly thing punches you!
The white very ugly thing freezes you!!!
You feel threatened and lose the ability to drink potions!
* * * LOW HITPOINT WARNING * * *
You mangle the white very ugly thing!! You claw the white very ugly thing!
The purple ugly thing basks in the mutagenic energy from its kin and changes!
The white very ugly thing punches you!!
* * * LOW HITPOINT WARNING * * *
The white very ugly thing freezes you!!!
You die...

***###* ,,,,..#**
##################### ,,,,,...*
##..............>.....
,,,...#.####.....................
,,,.......#...uu########+........
,,,#....#......#@.......#........
,,,............#.+####+.#.....###
,,,..#...$u....#.#,,,,*,#.....# *
,,,............#.#,**,*,#.....###
,∩,c.#.........#.#,**,*,#........
,,,......u.....#.#,,,,*,#........
,,,..#.........#.+****+,#........
,,,............#..,,,,,,#........
,*,*...........+########+.#......


You could see a white very ugly thing and a white ugly thing.

Vanquished Creatures
  Fannar (D:10)
  A boulder beetle (D:8)
  Harold (D:9)
  5 two-headed ogres
  An ugly thing (D:14)
  A manticore (D:7)
  Maurice (D:11)
  A gargoyle (D:11)
  Maggie (D:6)
  3 unseen horrors (D:7)
  A kobold demonologist (D:9)
  Psyche (D:10)
  3 trolls
  Prince Ribbit (D:9)
  A vampire (D:11)
  3 wraiths
  10 yaks
  2 wyverns
  Grum (D:9)
  A basilisk (D:14)
  A steam dragon (D:8)
  6 water moccasins
  2 acid dragons (D:10)
  4 orc warriors
  Pargi (Sewer)
  An ice beast (D:7)
  2 sky beasts (D:7)
  4 black bears
  2 wolves (D:9)
  An ogre (D:7)
  5 centaurs
  6 kobold brigands
  6 bullfrogs
  A gnoll sergeant (D:7)
  3 scorpions
  A wight (D:7)
  9 killer bees
  2 howler monkeys
  6 hounds
  A gnoll bouda (D:9)
  An orc priest (D:7)
  Crazy Yiuf (D:2)
  Natasha (thrice) (D:2)
  3 iguanas
  5 orc wizards
  Robin (D:2)
  5 gnolls
  8 adders
  2 shadow imps (D:7)
  4 white imps (D:7)
  An ufetubus (D:6)
  3 worms
  3 dart slugs
  34 orcs
  9 ball pythons
  7 endoplasms
  19 giant cockroaches
  15 goblins
  9 hobgoblins
  4 jackals (D:2)
  7 quokkas
  6 bats
  3 frilled lizards
  14 kobolds
  5 rats
276 creatures vanquished.

Vanquished Creatures (others)
  A two-headed ogre (D:8)
  A kobold (D:9)
  6 plants (D:5)
8 creatures vanquished.

Grand Total: 284 creatures vanquished

Notes
Turn   | Place    | Note
-------+----------+-------------------------------------------
     0 | D:1      | GeoRichter the Troll Monk began the quest for the Orb.
     0 | D:1      | Reached XP level 1. HP: 22/22 MP: 0/0
   115 | D:1      | Reached XP level 2. HP: 29/29 MP: 1/1
   268 | D:1      | Found a faded altar of an unknown god.
   928 | D:2      | Reached XP level 3. HP: 35/36 MP: 2/2
   983 | D:2      | Noticed Natasha
   993 | D:2      | Killed Natasha
   994 | D:2      | Reached skill level 4 in Unarmed Combat
  1139 | D:2      | Reached XP level 4. HP: 41/45 MP: 3/3
  1415 | D:2      | Found a runed translucent door.
  1416 | D:2      | Noticed Crazy Yiuf
  1474 | D:2      | Noticed a black bear
  1476 | D:2      | Noticed Natasha
  1482 | D:2      | Killed a black bear
  1483 | D:2      | Reached skill level 5 in Unarmed Combat
  1483 | D:2      | Reached XP level 5. HP: 36/53 MP: 4/4
  1495 | D:2      | Killed Natasha
  1588 | D:2      | Noticed Robin
  1617 | D:2      | Killed Robin
  1643 | D:2      | Noticed Natasha
  1649 | D:2      | Killed Natasha
  1883 | D:2      | Killed Crazy Yiuf
  1884 | D:2      | Reached XP level 6. HP: 62/62 MP: 5/5
  2969 | D:4      | Reached skill level 6 in Unarmed Combat
  3504 | D:5      | Entered Level 5 of the Dungeon
  3508 | D:5      | Found a staircase to the Ecumenical Temple.
  3518 | Temple   | Entered the Ecumenical Temple
  3844 | Temple   | Became a worshipper of Ru the Awakened
  3851 | D:5      | Gained mutation: You occasionally lose the ability to drink
                  | potions when taking damage. [Ru sacrifice]
  3851 | D:5      | Gained mutation: You sometimes lose the ability to drink
                  | potions when taking damage. [Ru sacrifice]
  3851 | D:5      | Reached * piety under Ru
  3897 | D:5      | Noticed a water moccasin
  3909 | D:5      | Killed a water moccasin
  3910 | D:5      | Reached skill level 1 in Evocations
  4095 | D:5      | Noticed a water moccasin
  4104 | D:5      | Killed a water moccasin
  4105 | D:5      | Reached XP level 7. HP: 49/70 MP: 6/6
  4253 | D:5      | Reached skill level 7 in Unarmed Combat
  4671 | D:5      | Reached skill level 1 in Throwing
  4714 | D:5      | Reached XP level 8. HP: 61/79 MP: 7/7
  4967 | D:6      | Reached skill level 8 in Unarmed Combat
  5026 | D:6      | Reached skill level 5 in Fighting
  5061 | D:6      | Found a glowing drain.
  5065 | Sewer    | Entered a sewer
  5087 | Sewer    | Noticed Pargi
  5098 | Sewer    | Killed Pargi
  5132 | Sewer    | Identified the +10 flail of the Tundras {holy, Int+4}
  5379 | D:6      | Noticed Maggie
  5392 | D:6      | Killed Maggie
  5465 | D:6      | Found a stormy altar of Qazlal.
  5496 | D:6      | Reached skill level 9 in Unarmed Combat
  5614 | D:6      | Reached skill level 1 in Armour
  5614 | D:6      | Reached XP level 9. HP: 81/88 MP: 8/8
  6019 | D:7      | Gained mutation: You are missing an eye, making it more
                  | difficult to aim. [Ru sacrifice]
  6019 | D:7      | Reached ** piety under Ru
  6043 | D:7      | Found a runed translucent door.
  6204 | D:7      | Reached skill level 10 in Unarmed Combat
  6286 | D:7      | Noticed a troll
  6291 | D:7      | Killed a troll
  6291 | D:7      | Noticed a two-headed ogre
  6302 | D:7      | Noticed a manticore
  6305 | D:7      | Killed an unseen horror
  6308 | D:7      | Killed an unseen horror
  6309 | D:7      | Reached XP level 10. HP: 68/100 MP: 9/9
  6329 | D:7      | Killed a two-headed ogre
  6332 | D:7      | Killed a manticore
  6333 | D:7      | Reached skill level 5 in Throwing
  6333 | D:7      | Reached skill level 11 in Unarmed Combat
  6344 | D:7      | Identified the +8 long sword of Watchfulness {vorpal,
                  | rCorr}
  6346 | D:7      | Identified the ring "Kebid" {rElec rCorr Str+6 Int-4}
  6348 | D:7      | Identified the amulet of Taaschu {Faith rElec rF+ Int+2}
  7643 | D:8      | Found a transporter.
  7899 | D:8      | Noticed a boulder beetle
  7941 | D:8      | Killed a boulder beetle
  8044 | D:8      | Noticed a two-headed ogre
  8051 | D:8      | Killed a two-headed ogre
  8052 | D:8      | Reached skill level 12 in Unarmed Combat
  8118 | D:8      | Reached XP level 11. HP: 96/109 MP: 10/10
  8585 | D:9      | Gained mutation: You cannot study or cast Fire magic. [Ru
                  | sacrifice]
  8585 | D:9      | Gained mutation: You cannot study or cast Transmutations
                  | magic. [Ru sacrifice]
  8585 | D:9      | Gained mutation: You cannot study or cast Translocations
                  | magic. [Ru sacrifice]
  8585 | D:9      | Reached *** piety under Ru
  8730 | D:9      | Noticed Harold
  8739 | D:9      | Killed Harold
  8758 | D:9      | Noticed Grum
  8776 | D:9      | Killed Grum
  8874 | D:9      | Noticed Prince Ribbit
  8878 | D:9      | Killed Prince Ribbit
  8931 | D:9      | Reached skill level 5 in Armour
  8975 | D:9      | Noticed a two-headed ogre
  8981 | D:9      | Killed a two-headed ogre
  9189 | D:10     | Entered Level 10 of the Dungeon
  9397 | D:10     | Noticed Fannar
  9566 | D:10     | Killed Fannar
  9715 | D:10     | Reached skill level 13 in Unarmed Combat
  9797 | D:10     | Found Vafoef's Book Boutique.
  9866 | D:10     | Found a portal to a secret trove of treasure.
 10072 | D:11     | Noticed Psyche
 10102 | D:10     | Killed Psyche
 10414 | D:11     | Found a staircase to the Orcish Mines.
 10433 | D:11     | Found a staircase to the Lair.
 10433 | D:11     | Noticed a two-headed ogre
 10441 | D:11     | Killed a two-headed ogre
 10632 | D:11     | Noticed Maurice
 10640 | D:11     | Killed Maurice
 10727 | D:11     | Gained mutation: You cannot study or use magical devices.
                  | [Ru sacrifice]
 10727 | D:11     | Reached **** piety under Ru
 10727 | D:11     | Reached ***** piety under Ru
 10790 | D:11     | Noticed a two-headed ogre
 10794 | D:11     | Killed a two-headed ogre
 11016 | D:12     | You fall into a shaft and drop 3 floors!
 11016 | D:15     | Entered Level 15 of the Dungeon
 11057 | D:14     | Noticed a two-headed ogre
 11065 | D:14     | Killed a two-headed ogre
 11066 | D:14     | Reached XP level 12. HP: 91/123 MP: 11/11
 11095 | D:14     | Noticed Nessos
 11117 | D:14     | Noticed a white very ugly thing
 11131 | D:14     | Slain by a white very ugly thing

Illustrated notes

Levels and vault maps discovered:
D:1:      elethiomel_arrival_infinity_welcomes_careful_drivers,
          layout_loops_ring, nicolae_ecumenical_lake_church
D:2:      layout_basic, grunt_decor_mini_mirrors, kennysheep_generic_room_3,
          uniq_crazy_yiuf_cottage, uniq_robin, uniq_natasha
D:3:      minmay_roachtagon, layout_basic
D:4:      layout_rooms
D:5:      minmay_inner_zag, layout_loops_ring, temple_fountains,
          serial_bayou_ford_a
D:6:      layout_basic, nicolae_qazlal_general_emergency,
          gup_sewer_entry_spiral, uniq_maggie
D:7:      minmay_the_grid_triangle_9x9_rhombus_full
          [minmay_the_grid_triangle_9x9_subtriangle,
          minmay_the_grid_triangle_9x9_pentomino_pain,
          minmay_the_grid_triangle_9x9_semitri,
          minmay_the_grid_triangle_9x9_alien,
          minmay_the_grid_triangle_9x9_corruption,
          minmay_the_grid_triangle_9x9_longest,
          minmay_the_grid_triangle_9x9_flanged_cone,
          minmay_the_grid_triangle_9x9_prize_schism], layout_layer_cave
D:8:      layout_loops_ring, nicolae_diode_basic
D:9:      layout_roguey, kennysheep_another_room, uniq_grum,
          uniq_prince_ribbit1, uniq_harold
D:10:     layout_rooms, trove_entry_hex_spiral, serial_shops,
          nicolae_shop_trees, st_stairs_8, uniq_fannar
D:11:     layout_basic, lair_entry_dummy, orc_0_dummy,
          kennysheep_generic_room_8, uniq_psyche, uniq_maurice
D:12:     layout_basic
D:14:     layout_big_octagon, portal_ice_cave_entry_ugly_swarm,
          minmay_parallelograms, minivault_11, trog_hazing_becter, uniq_nessos
D:15:     hangedman_depths_entry_civil_slaughter, layout_gridville,
          minmay_misc_feat_chi, nrook_mini_backslash,
          nicolae_kikubaaqudgha_miasma_corner
Temple:   compressed_dpeg_triangle_lava_temple

Skill      XL: |  1  2  3  4  5  6  7  8  9 10 11 |
---------------+----------------------------------+-----
Unarmed Combat | 4 5 6 7 9 10 12 13 | 13.6
Fighting       | 3 4 5 6 7 9 |  9.2
Evocations     | 1 2 0 |  0.0
Throwing       | 1 3 4 6 |  6.1
Armour         | 1 3 4 6 |  6.1
Dodging        | |  2.4
Stealth        | |  1.0

Action                   |  1- 3 |  4- 6 |  7- 9 | 10-12 || total
-------------------------+-------+-------+-------+-------++-------
Melee: Unarmed           |    95 |   171 |   250 |   381 ||   897
       Punch             |       |     1 |     6 |    23 ||    30
Throw: Dart              |       |       |     2 |    13 ||    15
Invok: Sacrifice Drink   |       |     1 |       |       ||     1
       Sacrifice an Eye  |       |       |     1 |       ||     1
       Sacrifice Artific |       |       |       |     1 ||     1
       Sacrifice Arcana  |       |       |       |     1 ||     1
Evoke: Wand              |       |     1 |     5 |     3 ||     9
  Use: Scroll            |       |     9 |     2 |     5 ||    16
       Potion            |       |       |       |     2 ||     2
 Stab: Sleeping          |     4 |     8 |     3 |       ||    15
       Paralysed         |       |       |       |     4 ||     4
       Distracted        |       |       |       |     2 ||     2
Armor: Robe              |    32 |    42 |    19 |       ||    93
       Skin              |       |     1 |       |       ||     1
       Swamp dragon scal |       |       |    87 |   132 ||   219
Dodge: Dodged            |    49 |    69 |   128 |   123 ||   369
